Unix NetHack Version 5.0.0-0 post-release - last build May 31 2026 23:59:36 (970b52f25bf058293b47ddfd14a1e40e571c508c,branch:main).

Game began 2026-06-04 13:44:30, ended 2026-06-04 13:52:25.

DaveT, lawful male human Priest

                 $
                                  !
 ---------       *               %
 |%%%%%%%|
 |%!]%%%%|                                  (
 |%.(%%%%|     ---------
  (S%%%%%|     ........|
     .@..|     |.......+     `
      -@-     #........|`
       #    ###|.<.....|
     ###    #  ---------             `
     #   ####       `
     #   ##
     #  ##            *
   --.--###
   |...|##                                        $
   |.|.-##
   |...|                                                    $      $
   -----                   $          $                        $

DaveT the Acolyte            St:10 Dx:12 Co:14 In:10 Wi:18 Ch:12  Lawful
Dlvl:5  $:182 HP:0(25) Pw:41(41) AC:2  Xp:3 T:1422  Burdened

Latest messages:
 This door is locked.
 This door is locked.
 This door is locked.
 This door is locked.
 This door is locked.
 This door is locked.
 The hobgoblin wields a curved sword!
 The hobgoblin swings his curved sword.
 The hobgoblin misses!
 You miss the hobgoblin.
 You miss the hobgoblin.
 The hobgoblin swings his curved sword.
 The hobgoblin misses!
 You kill the hobgoblin!
 There is a hobgoblin corpse here; eat it? [ynq] (n) y
 This hobgoblin corpse tastes okay.
 You stop eating the hobgoblin corpse.
 You miss the lichen.
 You kill the lichen!
 There is a partly eaten hobgoblin corpse here; eat it? [ynq] (n) y
 You resume your meal.
 You stop eating the hobgoblin corpse.
 You see here a lichen corpse.
 You have a little trouble lifting q - a lichen corpse (2 in total).
 There is a partly eaten hobgoblin corpse here; eat it? [ynq] (n) y
 You resume your meal.
 You stop eating the hobgoblin corpse.
 The iguana bites!
 You hit the iguana.
 You miss the iguana.
 You hit the iguana.
 You knock the iguana back with a powerful strike!
 You miss the iguana.
 You miss the iguana.
 You kill the iguana!
 There is a partly eaten hobgoblin corpse here; eat it? [ynq] (n) y
 You resume your meal.
 You finish eating the hobgoblin corpse.
 You fall down the stairs.
 The door opens.
 Something is engraved here on the headstone.
 You read: "Beloved daughter, a treasure, buried here."
 "Hello, DaveT!  Welcome to Karangkobar's delicatessen!"
 Karangkobar hits!
 Karangkobar hits again!
 Karangkobar hits!
 You die...
 Karangkobar gratefully inherits all your possessions.
 Do you want to see what you had when you died? [ynq] (y) y
 Do you want to see your attributes? [ynq] (y) q

Inventory:
 Coins    ('$')
  $ - 182 gold pieces
 Weapons  (')')
  r - 11 +0 orcish arrows (in quiver)
  J - 9 +0 darts
  L - a +0 elven spear
  m - a +0 orcish dagger
  a - a blessed +1 mace (weapon in right hand)
  H - a blessed +2 scimitar
 Armor    ('[')
  n - a +0 orcish helm (being worn)
  i - a +0 pair of high boots (being worn)
  c - a +0 small shield (being worn)
  b - a +0 robe (being worn)
  k - a +0 leather armor (being worn)
 Comestibles  ('%')
  e - a clove of garlic
  p - 6 food rations
  K - a fortune cookie
  f - a sprig of wolfsbane
  q - 2 lichen corpses
 Scrolls  ('?')
  w - a blessed scroll of identify
 Spellbooks  ('+')
  g - a spellbook of healing
  C - a spellbook of identify
 Potions  ('!')
  d - 3 potions of holy water
  B - a potion of water
 Rings    ('=')
  E - a ring of conflict (on left hand)
 Wands    ('/')
  s - a wand of lightning (0:4)
  o - a wand of undead turning (0:2)
 Tools    ('(')
  l - a cursed towel
 Gems/Stones  ('*')
  G - a worthless piece of blue glass

DaveT the Priest's attributes:

Background:
 You were an Acolyte, a level 3 human Priest.
 You were lawful, nominally on a mission for Issek
 who was opposed by Mog (neutral) and Kos (chaotic).
 You were right-handed.
 You were in the Dungeons of Doom, on level 5.
 You entered the dungeon 1422 turns ago.
 You had 72 experience points, 8 more were needed to attain level 4.

Basics:
 You had 0 out of 25 hit points.
 You had all 41 energy points (spell power).
 Your armor class was 2.
 Your wallet contained 182 zorkmids.
 Autopickup was off.

Final Characteristics:
 Your strength was 10 (limit:18/100).
 Your dexterity was 12 (limit:18).
 Your constitution was 14 (limit:18).
 Your intelligence was 10 (limit:18).
 Your wisdom was 18 (limit:18).
 Your charisma was 12 (limit:18).

Final Status:
 You weren't hungry.
 You were burdened; movement was slightly slowed.
 You were wielding a mace.
 You had basic skill with mace.

Final Attributes:
 You were devoutly aligned.
 You caused conflict.
 You were guarded.
 Your spell casting was enhanced by wearing a robe.
 You were fast.
 You are dead.

Miscellaneous:
 You didn't encounter any bones levels.
 Total elapsed playing time was 7 minutes and 54 seconds.

Major events:
 Turn
    1: DaveT the lawful human Priest entered the dungeon
  299: entered the Gnomish Mines
 1107: attained the rank of Acolyte (level 3)
 1422: killed by Mr. Karangkobar; the shopkeeper

Spells:
 Name                 Level Category     Fail Retention
 healing                1   healing        0%  76%-100%
 clairvoyance           3   divination    81%  76%-100%

Skills:
 Fighting Skills
   bare handed combat [Unskilled]
 Weapon Skills
   club               [Unskilled]
   mace               [Basic]
   morning star       [Unskilled]
   flail              [Unskilled]
   hammer             [Unskilled]
   quarterstaff       [Unskilled]
   polearms           [Unskilled]
   spear              [Unskilled]
   trident            [Unskilled]
   lance              [Unskilled]
   bow                [Unskilled]
   sling              [Unskilled]
   crossbow           [Unskilled]
   dart               [Unskilled]
   shuriken           [Unskilled]
   boomerang          [Unskilled]
   unicorn horn       [Unskilled]
 Spellcasting Skills
   healing spells     [Unskilled]
   divination spells  [Unskilled]
   clerical spells    [Basic]

Voluntary challenges:
 Character rerolling was not enabled.
 You were an atheist.
 You never genocided any monsters.
 You never polymorphed an object.
 You never changed form.
 You used no wishes.
Achievements:
 You entered the Gnomish Mines.
 You entered a shop.
 You attained the rank of Acolyte.

 The Dungeons of Doom: levels 1 to 5
    Level 1:
    Level 2:
       A scroll shop, a fountain.
       Stairs down to The Gnomish Mines.
    Level 3:
       An altar.
    Level 4:
    Level 5: <- You were here.
       A food shop, a grave.
       Final resting place for
          you, killed by Mr. Karangkobar; the shopkeeper.
 The Gnomish Mines:
    Level 3:


Vanquished creatures:
  a kitten
  a kobold leader
 an iguana
 an acid blob
  a gas spore
  a hobgoblin
  a gnome zombie
  a gecko
  4 jackals
  a goblin
  5 sewer rats
  3 lichens
  a newt
22 creatures vanquished.

No species were genocided or became extinct.

Game over:
                       ----------
                      /          \
                     /    REST    \
                    /      IN      \
                   /     PEACE      \
                  /                  \
                  |      DaveT       |
                  |      182 Au      |
                  |  killed by Mr.   |
                  | Karangkobar; the |
                  |    shopkeeper    |
                  |                  |
                  |       2026       |
                 *|     *  *  *      | *
        _________)/\\_//(\/(/\)/\//\/|_)_______

Goodbye DaveT the Priest...

You died in The Dungeons of Doom on dungeon level 5 with 712 points,
and 182 pieces of gold, after 1422 moves.
You were level 3 with a maximum of 25 hit points when you died.

